 Dungeon Crawl Stone Soup version 0.23-a0-512-g50a8178 (webtiles) character file.

2525 RoseArtemis the Grappler (level 9, -8/88 HPs)
             Began as a Troll Monk on Dec 4, 2018.
             Was an Elder of Ru.
             Mangled by a wolf (9 damage)
             ... led by Grum
             ... on level 8 of the Dungeon.
             The game lasted 00:15:49 (5370 turns).

RoseArtemis the Grappler (Troll Monk)               Turns: 5370, Time: 00:15:49

Health: -8/88      AC:  6    Str: 26    XL:     9   Next: 29%
Magic:  8/8        EV:  9    Int:  9    God:    Ru [****..]
Gold:   450        SH:  0    Dex: 15    Spells: 8/8 levels left

rFire    . . .     SeeInvis .     - Unarmed
rCold    . . .     Gourm    +   (no shield)
rNeg     . . .     Faith    .   a - +1 robe
rPois    +         Spirit   .   (helmet restricted)
rElec    .         Reflect  .   (no cloak)
rCorr    .         Harm     .   (gloves unavailable)
MR       .....                  (boots unavailable)
Stlth    ++........             (no amulet)
HPRegen  0.64/turn              l - ring of poison resistance
MPRegen  0.11/turn              p - +3 ring of intelligence

@: mighty
A: large, unfitting armour, claws 3, fast metabolism 3, gourmand, regeneration
1, shaggy fur 1, tough skin 2, inability to train dodging, no charms magic, no
hexes magic, no poison magic, inexperienced 1
a: Draw Out Power, Power Leap, Renounce Religion


You were on level 8 of the Dungeon.
You worshipped Ru.
Ru was greatly pleased with you.
You were completely stuffed.

You visited 1 branch of the dungeon, and saw 8 of its levels.

You collected 450 gold pieces.

Inventory:

Hand Weapons
 b - a +4 morningstar
Armour
 a - a +1 robe (worn)
Jewellery
 l - a ring of poison resistance (left claw)
 p - a +3 ring of intelligence (right claw)
 y - a +5 ring of intelligence
Wands
 q - a wand of paralysis (16)
 z - a wand of random effects (13)
Scrolls
 c - 2 scrolls of teleportation
 e - a scroll of enchant armour
 f - 3 scrolls of noise
 h - a scroll of fog
 i - a scroll of magic mapping
 k - a scroll of identify
 n - 5 scrolls of remove curse {unknown}
 s - a scroll of enchant weapon {unknown}
 t - a scroll of blinking {unknown}
 A - 2 scrolls of acquirement {unknown}
Potions
 d - 2 potions of curing
 g - 2 potions of flight
 m - 3 potions of agility
 o - a potion of haste
 r - a potion of lignification
 v - a potion of degeneration
 x - a potion of magic {unknown}
Comestibles
 j - 13 rations


   Skills:
 + Level 5.2 Fighting
 + Level 4.4 Maces & Flails
 + Level 4.4 Armour
   Level 0.0 Dodging
 - Level 1.0 Stealth
 * Level 8.6 Unarmed Combat


You had 8 spell levels left.
You didn't know any spells.
Your spell library contained the following spells:

 Spells                   Type           Power        Failure   Level  Hunger
 Summon Small Mammal      Summ           #...         38%         1    ##.....
 Call Imp                 Summ           #.......     52%         2    ###....
 Call Canine Familiar     Summ           #.......     77%         3    ####...
 Summon Ice Beast         Ice/Summ       #.......     99%         4    #####..
 Summon Lightning Spire   Summ/Air       #.......     99%         4    #####..
 Summon Guardian Golem    Hex/Summ       Unusable     N/A         3    N/A

Dungeon Overview and Level Annotations

Branches:
Dungeon (8/15)             Temple (0/1) D:4
   Lair: D:8-11

Altars:
Ru
Zin

Shops:
D:6 %

Annotations:
D:8 Grum


Innate Abilities, Weirdness & Mutations

You are too large for most types of armour.
You have claws for hands.
Your metabolism is lightning-fast.
You like to eat raw meat.
Your natural rate of healing is unusually fast.
You are covered in fur. (AC +1)
You have very tough skin. (AC +2)
You cannot train Dodging skill.
You cannot study or cast Charms magic.
You cannot study or cast Hexes magic.
You cannot study or cast Poison magic.
You are somewhat inexperienced. (-2 XL)


Message History

* * * LOW HITPOINT WARNING * * *
The wolf barely misses you.
You scratch the wolf but do no damage.
The wolf stops glowing.
The wolf bites you.
* * * LOW HITPOINT WARNING * * *
You claw the wolf!
You kill the wolf!
Grum sniffs the air and quickly glances around.
You claw the wolf! The wolf bites you.
* * * LOW HITPOINT WARNING * * *
The wolf bites you!
* * * LOW HITPOINT WARNING * * *
You focus your will and illuminate the wolf in retribution!
It was a potion of might.
You feel very mighty all of a sudden. The wolf bites you!
* * * LOW HITPOINT WARNING * * *
The wolf bites you but does no damage.
You completely miss the wolf. You claw the wolf. The wolf bites you!
You die...

,,,,* #....#
#..#.....,,,,,,,* ,,,,**
#....###........,,,,,,,*
,,,,,*
##.#..##........,,,,,,,*
,,,,,*
#.##..#........,,,,,,,*
,,,,,*
##*##..........,,,,,,**
,,,,,*
#.h../.....,,,,,**
,,,,** ##hgh......,,,,**
*,*** ##h##....,,,,,*
*** ***#@#**...,,,,**
*,*##.#**#.,,,**
**,,*,...****,**
*,,,,,##...,**** * ***
*,,,,,,,###..,,**** **
**,***
*,,,,,,,,***#*,,,,***,
**,,,,** **,,,,,,,,*
****,,,,, *,,,,,,*
*,,,,,**** ***,,*
,,,,,,,** **,***** **,*


You could see Grum, 3 wolves and a hound.

Vanquished Creatures
  A hippogriff (D:7)
  A hungry ghost (D:7)
  A water moccasin (D:6)
  An orc warrior (D:7)
  A phantom (D:4)
  An ice beast (D:4)
  6 ogres
  A sky beast (D:7)
  6 centaurs
  A wolf (D:8)
  A big kobold (D:4)
  2 bullfrogs (D:7)
  2 scorpions
  A howler monkey (D:6)
  4 crimson imps
  4 hounds
  An orc priest (D:7)
  A gnoll shaman (D:5)
  A bullfrog skeleton (D:4)
  2 iguanas
  7 worker ants
  7 orc wizards
  A killer bee zombie (D:7)
  8 gnolls
  7 adders
  3 shadow imps
  An ooze (D:1)
  3 adder skeletons
  2 worms (D:3)
  A dart slug (D:1)
  5 leopard geckos
  15 orcs
  4 bats
  6 giant cockroaches
  6 goblins
  9 hobgoblins
  9 jackals
  A quokka (D:3)
  2 ball pythons (D:3)
  3 frilled lizards
  4 kobolds
  A quokka skeleton (D:4)
  9 rats
153 creatures vanquished.

Notes
Turn   | Place    | Note
-------+----------+-------------------------------------------
     0 | D:1      | RoseArtemis the Troll Monk began the quest for the Orb.
     0 | D:1      | Reached XP level 1. HP: 22/22 MP: 0/0
   187 | D:1      | Reached XP level 2. HP: 29/29 MP: 1/1
   704 | D:2      | Reached XP level 3. HP: 36/36 MP: 2/2
   824 | D:2      | Reached skill level 1 in Armour
   885 | D:2      | Noticed an ogre
   893 | D:2      | Killed an ogre
   893 | D:2      | Reached skill level 4 in Unarmed Combat
   893 | D:2      | Reached XP level 4. HP: 23/45 MP: 3/3
   893 | D:2      | Reached XP level 5. HP: 27/53 MP: 4/4
  1364 | D:3      | Found a sacrificial altar of Ru.
  1380 | D:3      | Became a worshipper of Ru the Awakened
  1399 | D:3      | Gained mutation: You cannot study or cast Poison magic. [Ru
                  | sacrifice]
  1399 | D:3      | Gained mutation: You cannot study or cast Hexes magic. [Ru
                  | sacrifice]
  1399 | D:3      | Gained mutation: You cannot study or cast Charms magic. [Ru
                  | sacrifice]
  1399 | D:3      | Reached * piety under Ru
  2229 | D:4      | Reached XP level 6. HP: 36/61 MP: 5/5
  2320 | D:4      | Reached skill level 1 in Maces & Flails
  2320 | D:4      | Reached skill level 5 in Unarmed Combat
  2573 | D:4      | Found a staircase to the Ecumenical Temple.
  2749 | D:4      | Reached XP level 7. HP: 54/67 MP: 6/6
  2778 | D:5      | Entered Level 5 of the Dungeon
  2966 | D:5      | Gained mutation: You are somewhat inexperienced. (-2 XL)
                  | [Ru sacrifice]
  2966 | D:5      | Reached XP level 6. HP: 62/62 MP: 5/5
  2966 | D:5      | Reached XP level 5. HP: 54/54 MP: 4/4
  2966 | D:5      | Reached ** piety under Ru
  2966 | D:5      | Reached *** piety under Ru
  3027 | D:5      | Reached skill level 6 in Unarmed Combat
  3073 | D:5      | Noticed an ogre
  3083 | D:5      | Reached XP level 6. HP: 42/62 MP: 5/5
  3402 | D:5      | Reached XP level 7. HP: 63/70 MP: 6/6
  3665 | D:6      | Found Ushalium's Food Emporium.
  4098 | D:6      | Reached skill level 7 in Unarmed Combat
  4180 | D:6      | Reached XP level 8. HP: 69/79 MP: 7/7
  4409 | D:6      | Found a glowing silver altar of Zin.
  4680 | D:7      | Noticed a hippogriff
  4716 | D:7      | Killed a hippogriff
  4781 | D:7      | Reached skill level 8 in Unarmed Combat
  4826 | D:7      | Reached skill level 5 in Dodging
  4826 | D:7      | Reached XP level 9. HP: 79/87 MP: 8/8
  4828 | D:7      | Reached skill level 5 in Fighting
  5012 | D:7      | Gained mutation: You cannot train Dodging skill. [Ru
                  | sacrifice]
  5012 | D:7      | Reached **** piety under Ru
  5346 | D:8      | Noticed Grum
  5369 | D:8      | HP: 1/88 [wolf[Grum] (12)]
  5370 | D:8      | Mangled by a wolf

Vault maps used:
D:1:      nzn_arrival_settlement, st_stairs_4
D:2:      kennysheep_generic_room_4
D:3:      nicolae_ru_sacrificial_ziggurat, kennysheep_another_room
D:4:      minmay_temple_entry_offerings, first_ration
D:5:      minmay_a_box_with_orc_wizards_in_it
D:6:      cheibrodos_helix_gallery, zin_academy, serial_shops,
          nicolae_shop_trees, hangedman_abyss_or_decor_stagger,
          kennysheep_generic_room_13
D:8:      enter_ossuary_4, uniq_grum

Skill      XL: |  1  2  3  4  5  6  7  8  9 |
---------------+----------------------------+-----
Armour         | 1 3 4 |  4.4
Fighting       | 3 4 5 |  5.2
Dodging        | 3 4 5 0 |  0.0
Unarmed Combat | 4 6 5 7 8 |  8.6
Maces & Flails | 1 3 4 |  4.4
Stealth        | |  1.0

Action                   |  1- 3 |  4- 6 |  7- 9 || total
-------------------------+-------+-------+-------++-------
Melee: Unarmed           |    63 |   208 |   200 ||   471
       Punch             |     1 |     1 |     9 ||    11
Invok: Sacrifice Arcana  |       |     1 |       ||     1
       Sacrifice Experie |       |     1 |       ||     1
       Draw Out Power    |       |     1 |       ||     1
       Sacrifice Nimblen |       |       |     1 ||     1
  Use: Potion            |       |       |     4 ||     4
       Scroll            |       |       |    12 ||    12
 Stab: Sleeping          |     1 |     5 |     3 ||     9
       Distracted        |       |       |     2 ||     2
       Invisible         |       |       |     1 ||     1
  Eat: Chunk             |    11 |    23 |    28 ||    62
Armor: Robe              |    18 |    54 |    31 ||   103
Dodge: Dodged            |    27 |    96 |   113 ||   236

Table legend:
 A = Non-vault XP
 B = Vault XP
 C = Vault XP percentage of total XP
 D = Non-vault monster count
 E = Vault monster count
 F = Vault count percentage of total count
                 A         B        C        D         E       F
            +---------+---------+-------+---------+---------+-------
      Total |    4062 |     346 |   7.8 |     143 |      10 |   6.5
            +---------+---------+-------+---------+---------+-------
        D:1 |      24 |       5 |  17.2 |      12 |       2 |  14.3
        D:2 |     192 |       2 |   1.0 |      16 |       1 |   5.9
        D:3 |      96 |       0 |   0.0 |      26 |       0 |   0.0
        D:4 |     629 |       0 |   0.0 |      23 |       0 |   0.0
        D:5 |     602 |     281 |  31.8 |      23 |       6 |  20.7
        D:6 |     604 |       0 |   0.0 |      11 |       0 |   0.0
        D:7 |    1915 |       0 |   0.0 |      32 |       0 |   0.0
        D:8 |       0 |      58 | 100.0 |       0 |       1 | 100.0
            +---------+---------+-------+---------+---------+-------
